 Dungeon Crawl Stone Soup version 0.27-a0-1500-g450c7e4133 (webtiles) character file.

Game seed: 133548457214280186

10 blackman the Shield-Bearer (level 2, -1/24 HPs)
             Began as a Formicid Fighter on July 7, 2021.
             Succumbed to an adder's poison
             ... on level 2 of the Dungeon.
             The game lasted 00:02:25 (150 turns).

blackman the Shield-Bearer (Formicid Fighter)        Turns: 150, Time: 00:02:26

Health: -1/24      AC:  6    Str: 20    XL:     2   Next: 30%
Magic:  2/2        EV:  8    Int:  7    God:
Gold:   14         SH:  9    Dex: 10    Spells: 1/1 levels left

rFire    . . .     SeeInvis +   a - +0 trident
rCold    . . .     Faith    .   c - +0 kite shield
rNeg     . . .     Spirit   .   b - +0 scale mail
rPois    .         Reflect  .   (helmet unavailable)
rElec    .         Harm     .   (no cloak)
rCorr    .         Rampage  .   (no gloves)
Will     .....                  (no boots)
Stlth    ..........             (no amulet)
HPRegen  0.08/turn              (no ring)
MPRegen  0.08/turn              (no ring)

@: lethally poisoned (-1 -> -3)
A: permanent stasis, dig shafts and tunnels, antennae 3, four strong arms
a: Dig, Shaft Self


You were on level 2 of the Dungeon.
You visited 1 branch of the dungeon, and saw 2 of its levels.

You collected 14 gold pieces.

Inventory:

Hand Weapons
 a - a +0 trident (weapon)
Armour
 b - a +0 scale mail (worn)
 c - a +0 kite shield (worn)
Potions
 d - a potion of might


   Skills:
 - Level 3.2 Fighting
 * Level 2.3 Polearms
 + Level 3.4 Armour
 * Level 4.0 Shields


You had one spell level left.
You didn't know any spells.
Your spell library was empty.

Dungeon Overview and Level Annotations

Branches:
Dungeon (1/15)

Altars:


Innate Abilities, Weirdness & Mutations

You cannot be hasted, slowed, berserked, paralysed or teleported.
You can dig through walls and to a lower floor.
You have a pair of large antennae on your head. (SInv)
Your four strong arms can wield two-handed weapons with a shield.


Message History

You block the adder's attack.
You barely miss the adder.
The adder is lightly wounded.
You feel sick. The adder bites you but does no damage.
You are too injured to fight recklessly!
You are too injured to fight recklessly!
You are too injured to fight recklessly!
You barely miss the adder.
The adder is lightly wounded.
You feel sick. You block the adder's attack. x2
You closely miss the adder.
You feel sick.
You are no longer poisoned.
The adder bites you but does no damage. The adder closely misses you.
You barely miss the adder. You block the adder's attack.
The adder bites you but does no damage.
You barely miss the adder. The adder bites you but does no damage.
You block the adder's attack.
You hit the adder.
The adder is moderately wounded.
The adder bites you.
* * * LOW HITPOINT WARNING * * *
You are lethally poisoned!
The adder poisons you!
You puncture the adder!
You kill the adder!
* * * LOW HITPOINT WARNING * * *
You feel sick.
You have reached level 2!
It was a potion of cancellation.
You feel magically purged.
* * * LOW HITPOINT WARNING * * *
You feel sick. The goblin barely misses you.
You are too injured to fight recklessly!
Unknown command.
You puncture the goblin!
You kill the goblin!
* * * LOW HITPOINT WARNING * * *
You feel sick.
Your Shields skill increases to level 4!
You hit the dart slug but do no damage.
You die...

##############
#....g.w@....#
#...########.#
.....#.. #.#
.....###.# #.#
.....{ .. #.#
.### ##. #.# {
. #.# {# #.#
{{ #.#


You could see a dart slug and a goblin.

Vanquished Creatures
  An adder (D:2)
  A goblin (D:2)
2 creatures vanquished.

Notes
Turn   | Place    | Note
-------+----------+-------------------------------------------
     0 | D:1      | blackman the Formicid Fighter began the quest for the Orb.
     0 | D:1      | Reached XP level 1. HP: 18/18 MP: 1/1
   114 | D:1      | You fall into a shaft and drop 1 floor!
   148 | D:2      | Reached XP level 2. HP: 2/24 MP: 2/2
   148 | D:2      | HP: 1/24 [poisoned by an adder]
   150 | D:2      | Reached skill level 4 in Shields
   150 | D:2      | Succumbed to an adder's poison

Illustrated notes

Levels and vault maps discovered:
D:1:      dpeg_cavernosity, layout_rooms, chequers_ecumenical_altar_island
D:2:      layout_loops_ring, serial_shops, nicolae_shop_crystal, uniq_robin

Skill      XL: |  1  2 |
---------------+-------+-----
Shields        | 4 |  4.0
Fighting       | |  3.2
Polearms       | |  2.3
Armour         | |  3.4

Action                   || total
-------------------------++-------
Melee: Trident           ||    12
 Abil: Dig               ||     1
  Use: Potion            ||     1
Armor: Scale mail        ||     5
Dodge: Dodged            ||     2
Block: Kite shield       ||     6

Table legend: (Time is in decaauts)
 A = Elapsed time spent in this place.
 B = Non-inter-level travel time spent in this place.
 C = Inter-level travel time spent in this place.
 D = Time resting spent in this place.
 E = Time spent auto-exploring this place.
 F = Levels seen in this place.
 G = Mean time per level.
                   A        B        C        D        E       F      G
               +--------+--------+--------+--------+--------+-----+--------+
         Total |    154 |    154 |      0 |      0 |     81 |   2 |   77.0 |
       Dungeon |    154 |    154 |      0 |      0 |     81 |   2 |   77.0 |
               +--------+--------+--------+--------+--------+-----+--------+

Top non-repeatable levels by time:
     D:1: 115 daAuts
     D:2: 39 daAuts
